MLB
HOUSTON ASTROS @ CLEVELAND INDIANS
06/29/2020
 
TOP OF THE 1ST
Houston Astros batting - Pitching for Cleveland Indians : RHP Aaron Civale
Pitching: RHP Aaron Civale
Batting: LHB Kyle Tucker 0-0: Called Strike
0-1: Foul Ball, location: 2F
0-2: Ball
1-2: Ball
2-2: Strikes out looking
Batting: RHB Jose Altuve 0-0: Swinging Strike
0-1: SINGLE (Groundball, 6D, EV 104.4 MPH)
Batting: LHB Yordan Alvarez 0-0: Swinging Strike
0-1: Ball
Jose Altuve steals 2nd base
1-1: Foul Ball, location: 2F
1-2: Strikes out looking
Batting: RHB Alex Bregman 0-0: Called Strike
0-1: Ball
1-1: Foul Ball, location: 2F
1-2: Ground out 6-3 (Groundball, 6M, EV 105.6 MPH)
Top of the 1st over - 0 runs, 1 hit, 0 errors, 1 left on base; Houston 0 - Cleveland 0
BOTTOM OF THE 1ST
Cleveland Indians batting - Pitching for Houston Astros : RHP Zack Greinke
Pitching: RHP Zack Greinke
Batting: SHB Francisco Lindor 0-0: Ball
1-0: DOUBLE (Line Drive, 78D, EV 111.9 MPH)
Batting: RHB Oscar Mercado 0-0: Called Strike
0-1: Ball
1-1: Ground out 5-3 (Groundball, 56S, EV 71.9 MPH)
Francisco Lindor to third
Batting: SHB Jose Ramirez 0-0: Called Strike
0-1: Ball
1-1: Ground out U3 (Groundball, 34S, EV 85.0 MPH)
Francisco Lindor scores
Batting: RHB Franmil Reyes 0-0: Ball
1-0: SINGLE (Flyball, 89S, EV 90.6 MPH)
Batting: SHB Carlos Santana 0-0: Called Strike
0-1: Ball
1-1: Ball
2-1: Ball
3-1: Swinging Strike
3-2: Strikes out swinging
Bottom of the 1st over - 1 run, 2 hits, 0 errors, 1 left on base; Houston 0 - Cleveland 1
TOP OF THE 2ND
Houston Astros batting - Pitching for Cleveland Indians : RHP Aaron Civale
Batting: RHB Carlos Correa 0-0: Ball
1-0: Called Strike
1-1: Swinging Strike
1-2: Strikes out swinging
Batting: LHB Michael Brantley 0-0: Swinging Strike
0-1: Ball
1-1: Fly out, F9 (Flyball, 9D, EV 78.8 MPH)
Batting: RHB George Springer 0-0: SINGLE (Flyball, 34D, EV 90.0 MPH)
Batting: LHB Josh Reddick 0-0: Called Strike
George Springer steals 2nd base
0-1: SINGLE (Groundball, 5S, EV 67.5 MPH) (infield hit)
George Springer to third
Batting: RHB Martin Maldonado 0-0: Called Strike
0-1: Ground out U3 (Groundball, 23, EV 85.0 MPH)
Top of the 2nd over - 0 runs, 2 hits, 0 errors, 2 left on base; Houston 0 - Cleveland 1
BOTTOM OF THE 2ND
Cleveland Indians batting - Pitching for Houston Astros : RHP Zack Greinke
Batting: RHB Domingo Santana 0-0: Foul Ball, location: 2F
0-1: Ball
1-1: Ball
2-1: Ball
3-1: Ground out 3-1 (Groundball, 34S, EV 85.6 MPH)
Batting: LHB Tyler Naquin 0-0: Called Strike
0-1: Ball
1-1: Ball
2-1: Ball
3-1: Swinging Strike
3-2: Strikes out swinging
Batting: SHB Cesar Hernandez 0-0: Ball
1-0: Foul Ball, location: 2F
1-1: Ball
2-1: SINGLE (Flyball, 8LS, EV 98.1 MPH)
Batting: RHB Roberto Perez 0-0: Ball
1-0: Foul Ball, location: 2F
1-1: Foul Ball, location: 2F
1-2: SINGLE (Flyball, 89S, EV 88.1 MPH)
Cesar Hernandez to second
Runner from 2nd tries for 3rd, SAFE, throw by RF made to third
Batting: SHB Francisco Lindor 0-0: Called Strike
0-1: SINGLE (Line Drive, 9LS, EV 90.0 MPH)
Cesar Hernandez scores
Roberto Perez to second
Runner from 2nd tries for 3rd, SAFE, throw by RF made to third
Batting: RHB Oscar Mercado 0-0: DOUBLE (Line Drive, 9LM, EV 103.8 MPH)
Roberto Perez scores
Francisco Lindor to third
Batting: SHB Jose Ramirez 0-0: Called Strike
0-1: Ball
1-1: Ball
2-1: Foul Ball, location: 2F
2-2: SINGLE (Groundball, 3D, EV 104.4 MPH)
Francisco Lindor scores
Oscar Mercado to third
Runner from 3rd tries for Home, SAFE, throw by RF to home
Jose Ramirez to second
Batting: RHB Franmil Reyes 0-0: Ball
1-0: Ball
2-0: Called Strike
2-1: Called Strike
2-2: Strikes out swinging
Bottom of the 2nd over - 4 runs, 5 hits, 0 errors, 1 left on base; Houston 0 - Cleveland 5
TOP OF THE 3RD
Houston Astros batting - Pitching for Cleveland Indians : RHP Aaron Civale
Batting: LHB Kyle Tucker 0-0: Ball
1-0: Fly out, F8 (Line Drive, 8RD, EV 94.4 MPH)
Batting: RHB Jose Altuve 0-0: Foul Ball, location: 2F
0-1: Ground out 5-3 (Groundball, 56S, EV 90.0 MPH)
Batting: LHB Yordan Alvarez 0-0: Called Strike
0-1: Fly out, F8 (Flyball, 8RD, EV 98.8 MPH)
Top of the 3rd over - 0 runs, 0 hits, 0 errors, 0 left on base; Houston 0 - Cleveland 5
BOTTOM OF THE 3RD
Cleveland Indians batting - Pitching for Houston Astros : RHP Zack Greinke
Batting: SHB Carlos Santana 0-0: Foul Ball, location: 2F
0-1: Ball
1-1: Foul Ball, location: 2F
1-2: Foul Ball, location: 2F
1-2: Ball
2-2: Foul Ball, location: 2F
2-2: Fly out, F8 (Line Drive, 8LD, EV 90.6 MPH)
Batting: RHB Domingo Santana 0-0: Ball
1-0: Reached on error, E3 (Groundball, 34, EV 80.6 MPH)
Batting: LHB Tyler Naquin 0-0: Foul Ball, location: 2F
0-1: Ball
1-1: Ball
2-1: Foul Ball, location: 2F
2-2: Grounds into double play, 5-4-3 (Groundball, 56, EV 88.1 MPH)
Bottom of the 3rd over - 0 runs, 0 hits, 1 error, 0 left on base; Houston 0 - Cleveland 5
TOP OF THE 4TH
Houston Astros batting - Pitching for Cleveland Indians : RHP Aaron Civale
Batting: RHB Alex Bregman 0-0: SINGLE (Groundball, 6MD, EV 103.8 MPH)
Batting: RHB Carlos Correa 0-0: Called Strike
0-1: Ball
1-1: Ball
2-1: DOUBLE (Line Drive, 78D, EV 109.4 MPH)
Alex Bregman to third
Batting: LHB Michael Brantley 0-0: Swinging Strike
0-1: Ground out 6-3 (Groundball, 6M, EV 101.3 MPH)
Alex Bregman scores
Carlos Correa to third
Batting: RHB George Springer 0-0: Ball
1-0: Fly out, F8 (Flyball, 8LD, EV 102.5 MPH)
Runner from 3rd tags up, SCORES, throw by CF
Batting: LHB Josh Reddick 0-0: Ball
1-0: Called Strike
1-1: Ball
2-1: Ball
3-1: Called Strike
3-2: Foul Ball, location: 2F
3-2: Base on Balls
Batting: RHB Martin Maldonado 0-0: Called Strike
0-1: Ball
1-1: Ball
2-1: Ball
3-1: Ground out U3 (Groundball, 13, EV 85.6 MPH)
Top of the 4th over - 2 runs, 2 hits, 0 errors, 1 left on base; Houston 2 - Cleveland 5
BOTTOM OF THE 4TH
Cleveland Indians batting - Pitching for Houston Astros : RHP Zack Greinke
Batting: SHB Cesar Hernandez 0-0: Ball
1-0: SINGLE (Line Drive, 4MD, EV 101.3 MPH)
Batting: RHB Roberto Perez 0-0: Ball
1-0: Foul Ball, location: 2F
1-1: Sac Bunt to 15 - play at first, batter OUT! 1-3
Cesar Hernandez to second
Batting: SHB Francisco Lindor 0-0: Ball
1-0: Foul Ball, location: 2F
1-1: Ball
2-1: SINGLE (Groundball, 25, EV 66.3 MPH) (infield hit)
Cesar Hernandez to third
Batting: RHB Oscar Mercado 0-0: Foul Ball, location: 2F
0-1: Called Strike
0-2: Ball
1-2: Ball
2-2: Foul Ball, location: 2F
2-2: Foul Ball, location: 2F
2-2: Ball
3-2: Foul Ball, location: 2F
3-2: SINGLE (Groundball, 6MD, EV 95.0 MPH)
Cesar Hernandez scores
Francisco Lindor to second
Francisco Lindor to third
Pitching: RHP Chris Devenski
Batting: SHB Jose Ramirez 0-0: Ball
1-0: Called Strike
1-1: Called Strike
1-2: Ball
2-2: Strikes out looking
Oscar Mercado steals 2nd base
Batter strikes out.
Batting: RHB Franmil Reyes 0-0: Foul Ball, location: 2F
0-1: Ball
1-1: Swinging Strike
1-2: Strikes out swinging
Bottom of the 4th over - 1 run, 3 hits, 0 errors, 2 left on base; Houston 2 - Cleveland 6
TOP OF THE 5TH
Houston Astros batting - Pitching for Cleveland Indians : RHP Aaron Civale
Batting: LHB Kyle Tucker 0-0: Called Strike
0-1: Called Strike
0-2: Ball
1-2: Ball
2-2: Ball
3-2: Foul Ball, location: 2F
3-2: SINGLE (Line Drive, 6D, EV 95.6 MPH)
Batting: RHB Jose Altuve 0-0: Called Strike
0-1: Swinging Strike
0-2: Foul Ball, location: 2F
0-2: Foul Ball, location: 2F
0-2: Fly out, F5 (Popup, 5S, EV 74.4 MPH)
Batting: LHB Yordan Alvarez 0-0: 2-RUN HOME RUN (Flyball, 9D, EV 91.3 MPH), Distance : 416 ft
Batting: RHB Alex Bregman 0-0: Ball
1-0: Foul Ball, location: 2F
1-1: Ground out 1-3 (Groundball, 13, EV 65.0 MPH)
Batting: RHB Carlos Correa 0-0: Called Strike
0-1: Ball
1-1: SINGLE (Groundball, 56D, EV 109.4 MPH)
Batting: LHB Michael Brantley 0-0: Ball
1-0: Ball
2-0: Foul Ball, location: 2F
2-1: SINGLE (Line Drive, 8RS, EV 103.8 MPH)
Carlos Correa to second
Runner from 2nd tries for 3rd, SAFE, throw by CF made to third
Batting: RHB George Springer 0-0: 3-RUN HOME RUN (Flyball, 89XD, EV 107.5 MPH), Distance : 428 ft
Pitching: LHP Tony Cingrani
Batting: LHB Josh Reddick 0-0: Ball
1-0: Called Strike
1-1: Ball
2-1: Ball
3-1: Base on Balls
Batting: RHB Martin Maldonado 0-0: Called Strike
0-1: Called Strike
0-2: Ball
1-2: Ball
2-2: Ball
3-2: Strikes out swinging
Top of the 5th over - 5 runs, 5 hits, 0 errors, 1 left on base; Houston 7 - Cleveland 6
BOTTOM OF THE 5TH
Cleveland Indians batting - Pitching for Houston Astros : RHP Chris Devenski
Batting: SHB Carlos Santana 0-0: Ball
1-0: Called Strike
1-1: Called Strike
1-2: Ball
2-2: Strikes out swinging
Batting: RHB Domingo Santana 0-0: Called Strike
0-1: Ball
1-1: Fly out, F8 (Flyball, 8RXD, EV 102.5 MPH)
Batting: LHB Tyler Naquin 0-0: Ball
1-0: Foul Ball, location: 2F
1-1: Foul Ball, location: 2F
1-2: Fly out, F9 (Line Drive, 9, EV 90.6 MPH)
Bottom of the 5th over - 0 runs, 0 hits, 0 errors, 0 left on base; Houston 7 - Cleveland 6
TOP OF THE 6TH
Houston Astros batting - Pitching for Cleveland Indians : LHP Tony Cingrani
Batting: LHB Kyle Tucker 0-0: Swinging Strike
0-1: Ball
1-1: Called Strike
1-2: Foul Ball, location: 2F
1-2: Strikes out swinging
Batting: RHB Jose Altuve 0-0: Ball
1-0: Ball
2-0: Ball
3-0: Base on Balls
Batting: LHB Yordan Alvarez 0-0: Ball
1-0: Foul Ball, location: 2F
1-1: Ball
2-1: Called Strike
2-2: Strikes out swinging
Pitching: LHP Oliver Perez
Batting: RHB Alex Bregman 0-0: Ball
1-0: Swinging Strike
1-1: Foul Ball, location: 2F
1-2: Ball
2-2: Fly out, F8 (Flyball, 8LM, EV 72.5 MPH)
Top of the 6th over - 0 runs, 0 hits, 0 errors, 1 left on base; Houston 7 - Cleveland 6
BOTTOM OF THE 6TH
Cleveland Indians batting - Pitching for Houston Astros : RHP Chris Devenski
Batting: SHB Cesar Hernandez 0-0: Called Strike
0-1: Ball
1-1: Ball
2-1: SINGLE (Line Drive, 78S, EV 91.3 MPH)
Batting: RHB Roberto Perez 0-0: Called Strike
0-1: Ball
1-1: Called Strike
1-2: Ball
Cesar Hernandez steals 2nd base
2-2: Strikes out looking
Pitching: RHP Bryan Abreu
Batting: SHB Francisco Lindor 0-0: Ball
1-0: Ball
2-0: Swinging Strike
2-1: Called Strike
2-2: Ball
3-2: Base on Balls
Batting: RHB Oscar Mercado 0-0: Ball
1-0: Ball
2-0: Ball
3-0: Base on Balls
Cesar Hernandez to third
Francisco Lindor to second
Batting: SHB Jose Ramirez 0-0: Ball
1-0: Called Strike
1-1: Ball
2-1: SINGLE (Groundball, 23, EV 65.0 MPH) (infield hit)
Cesar Hernandez scores
Francisco Lindor to third
Oscar Mercado to second
Batting: RHB Franmil Reyes 0-0: Ball
1-0: Foul Ball, location: 2F
1-1: Foul Ball, location: 2F
1-2: Fly out, F7 (Line Drive, 7, EV 93.8 MPH)
Runner from 3rd tags up, SCORES, no throw by LF
Batting: SHB Carlos Santana 0-0: Called Strike
0-1: Ball
1-1: Foul Ball, location: 2F
1-2: Strikes out swinging
Bottom of the 6th over - 2 runs, 2 hits, 0 errors, 2 left on base; Houston 7 - Cleveland 8
TOP OF THE 7TH
Houston Astros batting - Pitching for Cleveland Indians : LHP Oliver Perez
Batting: RHB Carlos Correa 0-0: Ball
1-0: Called Strike
1-1: Ball
2-1: Called Strike
2-2: SOLO HOME RUN (Flyball, 7LD, EV 86.3 MPH), Distance : 375 ft
Batting: LHB Michael Brantley 0-0: Ball
1-0: Fly out, F4 (Line Drive, 4, EV 71.9 MPH)
Batting: RHB George Springer 0-0: Called Strike
0-1: Ball
1-1: Called Strike
1-2: Foul Ball, location: 2F
1-2: Ball
2-2: Foul Ball, location: 2F
2-2: Ball
3-2: Foul Ball, location: 2F
3-2: Foul Ball, location: 2F
3-2: Foul Ball, location: 2F
3-2: Foul Ball, location: 2F
3-2: Hit by Pitch
Pitching: RHP James Karinchak
Pinch Runner at 1st Abraham Toro:
Batting: LHB Josh Reddick 0-0: Called Strike
0-1: Ball
1-1: SINGLE (Groundball, 3, EV 96.9 MPH)
Abraham Toro to second
Runner from 2nd tries for 3rd, SAFE, throw by RF made to third
Batting: RHB Martin Maldonado 0-0: Foul Ball, location: 2F
0-1: Ball
1-1: Foul Ball, location: 2F
1-2: Ball
2-2: Strikes out looking
Batting: LHB Kyle Tucker Pickoff Throw to First - Out! 1-3
Top of the 7th over - 1 run, 2 hits, 0 errors, 1 left on base; Houston 8 - Cleveland 8
BOTTOM OF THE 7TH
Cleveland Indians batting - Pitching for Houston Astros : RHP Bryan Abreu
Now in CF: Yuli Gurriel
Batting: RHB Domingo Santana 0-0: Ball
1-0: Swinging Strike
1-1: Foul Ball, location: 2F
1-2: Ball
2-2: Strikes out looking
Batting: LHB Tyler Naquin 0-0: Ball
1-0: Ground out 2-3 (Groundball, 2R, EV 68.1 MPH)
Batting: SHB Cesar Hernandez 0-0: Ball
1-0: Swinging Strike
1-1: Foul Ball, location: 2F
1-2: Strikes out looking
Bottom of the 7th over - 0 runs, 0 hits, 0 errors, 0 left on base; Houston 8 - Cleveland 8
TOP OF THE 8TH
Houston Astros batting - Pitching for Cleveland Indians : RHP James Karinchak
Batting: LHB Kyle Tucker 0-0: Ball
1-0: Called Strike
1-1: Ball
2-1: SOLO HOME RUN (Flyball, 7D, EV 95.6 MPH), Distance : 407 ft
Batting: RHB Jose Altuve 0-0: Ball
1-0: Called Strike
1-1: Foul Ball, location: 2F
1-2: Strikes out swinging
Batting: LHB Yordan Alvarez 0-0: SINGLE (Line Drive, 6MD, EV 95.0 MPH)
Batting: RHB Alex Bregman 0-0: SINGLE (Groundball, 5D, EV 110.0 MPH)
Yordan Alvarez to second
Batting: RHB Carlos Correa 0-0: Ball
1-0: Ball
2-0: Ball
3-0: Base on Balls
Yordan Alvarez to third
Alex Bregman to second
Batting: LHB Michael Brantley 0-0: Ball
1-0: Called Strike
1-1: Foul Ball, location: 2F
1-2: Ball
2-2: Foul Ball, location: 2F
2-2: Strikes out swinging
Pitching: RHP Emmanuel Clase
Batting: RHB Yuli Gurriel 0-0: Fielders Choice at 2nd, 6-4 (Groundball, 6, EV 82.5 MPH)
Top of the 8th over - 1 run, 3 hits, 0 errors, 3 left on base; Houston 9 - Cleveland 8
BOTTOM OF THE 8TH
Cleveland Indians batting - Pitching for Houston Astros : RHP Bryan Abreu
Batting: RHB Roberto Perez 0-0: Called Strike
0-1: Called Strike
0-2: Ball
1-2: Ball
2-2: Foul Ball, location: 2F
2-2: Strikes out swinging
Batting: SHB Francisco Lindor 0-0: Ball
1-0: SINGLE (Line Drive, 8RS, EV 104.4 MPH)
Batting: RHB Oscar Mercado 0-0: Foul Ball, location: 2F
0-1: Swinging Strike
0-2: Ball
1-2: Foul Ball, location: 2F
1-2: Ball
2-2: Strikes out swinging
Pitching: RHP Joe Smith
Batting: SHB Jose Ramirez 0-0: Ball
1-0: Ball
2-0: Foul Ball, location: 2F
2-1: Ball
3-1: Ground out 4-3 (Groundball, 4, EV 85.6 MPH)
Bottom of the 8th over - 0 runs, 1 hit, 0 errors, 1 left on base; Houston 9 - Cleveland 8
TOP OF THE 9TH
Houston Astros batting - Pitching for Cleveland Indians : RHP Emmanuel Clase
Batting: LHB Josh Reddick 0-0: Called Strike
0-1: Fly out, F9 (Flyball, 89D, EV 100.0 MPH)
Batting: RHB Martin Maldonado 0-0: Ball
1-0: Called Strike
1-1: Called Strike
1-2: Strikes out swinging
Batting: LHB Kyle Tucker 0-0: Ball
1-0: Foul Ball, location: 2F
1-1: Ball
2-1: Ball
3-1: Swinging Strike
3-2: Strikes out swinging
Top of the 9th over - 0 runs, 0 hits, 0 errors, 0 left on base; Houston 9 - Cleveland 8
BOTTOM OF THE 9TH
Cleveland Indians batting - Pitching for Houston Astros : RHP Joe Smith
Pitching: RHP Ryan Pressly
Batting: RHB Franmil Reyes 0-0: Ground out 6-3 (Groundball, 6, EV 85.0 MPH)
Batting: SHB Carlos Santana 0-0: Ball
1-0: Called Strike
1-1: Ball
2-1: Foul Ball, location: 2F
2-2: Foul Ball, location: 2F
2-2: Foul Ball, location: 2F
2-2: DOUBLE (Flyball, 8RXD, EV 110.6 MPH)
Batting: RHB Domingo Santana 0-0: Called Strike
0-1: Ball
1-1: Foul Ball, location: 2F
1-2: Ball
2-2: Ball
3-2: Foul Ball, location: 2F
3-2: Foul Ball, location: 2F
3-2: Strikes out swinging
Batting: LHB Tyler Naquin 0-0: Ball
1-0: Called Strike
1-1: Ball
2-1: Swinging Strike
2-2: Strikes out swinging
Bottom of the 9th over - 0 runs, 1 hit, 0 errors, 1 left on base; Houston 9 - Cleveland 8
Sunday, July 5th, 2020 - OOTP Baseball 21.4 Build 63